 Dungeon Crawl Stone Soup version 0.28.0-53-g5a82cb258f (webtiles) character file.

Game seed: 10583994399566478585

452 Infinimo the Cudgeller (level 7, 0/68 (72) HPs)
             Began as an Ogre Gladiator on June 3, 2022.
             Slain by an orc
             ... wielding a +0 short sword
              (6 damage)
             ... on level 4 of the Dungeon.
             The game lasted 00:04:35 (5070 turns).

Infinimo the Cudgeller (Ogre Gladiator)             Turns: 5070, Time: 00:04:36

HP:   0/68 (72)     AC:  3    Str: 21    XL:     7   Next: 5%
MP:   7/7           EV: 10    Int:  9    God:
Gold: 118           SH:  0    Dex: 10    Spells: 6/6 levels left

rFire   . . .      SeeInvis .   a - +0 flail
rCold   . . .      Faith    .   (no shield)
rNeg    . . .      Spirit   .   b - +0 robe
rPois   .          Reflect  .   c - +0 hat
rElec   .          Harm     .   (no cloak)
rCorr   .          Rampage  .   (gloves unavailable)
Will    .....                   (boots unavailable)
Stlth   +.........              (no amulet)
HPRegen 0.21/turn               (no ring)
MPRegen 0.10/turn               (no ring)

@: drained
A: large, unfitting armour, tough skin 1
a: no special abilities


You were on level 4 of the Dungeon.
You visited 1 branch of the dungeon, and saw 4 of its levels.

You collected 118 gold pieces.

Inventory:

Hand Weapons
 a - a +0 flail (weapon)
 q - a +0 dire flail
Missiles
 d - 3 throwing nets (quivered)
 p - 4 poisoned darts
Armour
 b - a +0 robe (worn)
 c - a +0 hat (worn)
Jewellery
 i - an amulet of reflection
Scrolls
 e - 2 scrolls of vulnerability {unknown}
 h - a scroll of magic mapping {unknown}
 j - 3 scrolls of torment {unknown}
 l - a scroll of brand weapon {unknown}
 m - a scroll of blinking {unknown}
 o - a scroll of identify {unknown}
Potions
 f - a potion of mutation {unknown}
 g - 2 potions of invisibility {unknown}
 k - a potion of curing {unknown}
 n - a potion of berserk rage {unknown}


   Skills:
 + Level 5.3 Fighting
 * Level 5.3 Maces & Flails
 - Level 2.0 Throwing
 + Level 4.1 Dodging


You had 6 spell levels left.
You didn't know any spells.
Your spell library contained the following spells:

 Spells                   Type           Power      Damage    Failure   Level
 Foxfire                  Conj/Fire      0%         2x1d4     38%         1


Dungeon Overview and Level Annotations

Branches:
Dungeon (4/15)
 Temple: D:4-7

Altars:

Annotations:
D:3 1 runed translucent door, Crazy Yiuf


Innate Abilities, Weirdness & Mutations

You are too large for most types of armour.
You have tough skin. (AC +1)


Message History

The orc wizard flickers and vanishes!
Deactivating autopickup; reactivate with Ctrl-A.
You hit the wight.
The wight is almost destroyed.
The wight barely misses you.
You hit the wight.
You destroy the wight!
You closely miss the wight.
The wight is severely damaged.
The wight hits you but does no damage.
You closely miss the wight.
The wight is severely damaged.
The wight hits you with a +0 battleaxe.
You feel drained. The wight barely misses you.
You hit the wight.
The wight is severely damaged.
The wight hits you with a +0 battleaxe!
* * * LOW HITPOINT WARNING * * *
You hit the wight but do no damage.
The wight is severely damaged.
The wight misses you.
You barely miss the wight.
The wight is severely damaged.
The wight hits you with a +0 battleaxe.
* * * LOW HITPOINT WARNING * * *
You hit the wight.
You destroy the wight!
You have reached level 7!
Unknown command.
You hit the orc but do no damage. You hit the orc but do no damage.
The orc hits you with a +0 short sword.
* * * LOW HITPOINT WARNING * * *
You hit the orc but do no damage. The orc hits you with a +0 short sword.
* * * LOW HITPOINT WARNING * * *
There is a stone staircase leading up here.
A magic dart appears from out of thin air!
The magic dart hits you.
* * * LOW HITPOINT WARNING * * *
The orc hits you with a +0 short sword.
You die...

. ..# .# .###.# ##.#
...#.## #.. ......#
#.# ......###.#
#######
##.#..##..###.....#
##..#......##.....#
.##.......).......#
.)..#..รท...#...o@.#
###.....o..##o(...#
###......o.{....#
...........#.....#
#....##.#####.....#
..... #.# #.....#
..... #.# #.....#
.<... #.# #######
#.... #.#


You could see 3 orcs.

Vanquished Creatures
  A bullfrog (D:3)
  4 wights
  Natasha (thrice) (D:3)
  7 adders
  3 worms (D:2)
  3 dart slugs (D:1)
  An orc (D:4)
  7 endoplasms
  A giant cockroach (D:3)
  7 goblins
  6 hobgoblins
  5 jackals
  7 quokkas
  8 ball pythons
  2 bats
  4 frilled lizards
  5 kobolds
  5 rats
79 creatures vanquished.

Vanquished Creatures (others)
  A fungus (D:3)
  A plant (D:3)
2 creatures vanquished.

Grand Total: 81 creatures vanquished

Notes
Turn   | Place    | Note
-------+----------+-------------------------------------------
     0 | D:1      | Infinimo the Ogre Gladiator began the quest for the Orb.
     0 | D:1      | Reached XP level 1. HP: 22/22 MP: 1/1
   207 | D:1      | Reached XP level 2. HP: 22/31 MP: 2/2
   841 | D:1      | Reached XP level 3. HP: 36/37 MP: 3/3
  1556 | D:2      | Reached XP level 4. HP: 36/46 MP: 4/4
  2401 | D:3      | Noticed Natasha
  2412 | D:3      | Killed Natasha
  2416 | D:3      | Reached XP level 5. HP: 22/54 MP: 5/5
  2538 | D:3      | Noticed Natasha
  2548 | D:3      | Killed Natasha
  2764 | D:3      | Found a faded altar of an unknown god.
  2777 | D:3      | Got Plato's Catalogue of Fire
  3064 | D:3      | Reached XP level 6. HP: 53/63 MP: 6/6
  3225 | D:3      | Noticed Natasha
  3234 | D:3      | Killed Natasha
  4214 | D:3      | Found a runed translucent door.
  4215 | D:3      | Noticed Crazy Yiuf
  4814 | D:3      | Reached skill level 5 in Fighting
  4814 | D:3      | Reached skill level 5 in Maces & Flails
  5053 | D:4      | Reached XP level 7. HP: 15/68 MP: 7/7
  5070 | D:4      | Slain by an orc

Illustrated notes

Levels and vault maps discovered:
D:1:      doesnt_arrival_eight_statues, layout_basic
D:2:      layout_rooms, nrook_mini_vaults, kennysheep_generic_room_14
D:3:      layout_loops_corners, shapermc_ecumenical_altar_rom_forum,
          uniq_natasha, uniq_crazy_yiuf_cottage
D:4:      layout_rooms, eat_drink_and_be_merry_uskayaw,
          minmay_temple_entry_purple_smoke

Skill      XL: |  1  2  3  4  5  6 |
---------------+-------------------+-----
Fighting       | 3 4 5 |  5.3
Maces & Flails | 3 4 5 |  5.3
Dodging        | 3 4 |  4.1
Throwing       | |  2.0

Action                   |  1- 3 |  4- 6 |  7- 9 || total
-------------------------+-------+-------+-------++-------
Melee: Flail             |   131 |   163 |     3 ||   297
       Punch             |       |     2 |       ||     2
 Stab: Sleeping          |       |     1 |       ||     1
Armor: Robe              |    42 |    28 |       ||    70
Dodge: Dodged            |    76 |    84 |       ||   160
